 Seeded DCSS version 0.30-a0-1018-g25214051b3 (webtiles) character file.

Game seed: 10350956730209239129 (custom seed)

44 Pimp the Stinger (level 3, 0/30 HPs)
             Began as a Naga Venom Mage on Apr 7, 2023.
             Slain by an orc priest
             ... wielding a +0 mace
              (3 damage)
             ... on level 3 of the Dungeon.
             The game lasted 00:07:07 (1837 turns).

Pimp the Stinger (Naga Venom Mage)                  Turns: 1837, Time: 00:07:07

Health: 0/30       AC:  4    Str: 10    XL:     3   Next: 62%
Magic:  9/12       EV: 10    Int: 23    God:
Gold:   273        SH:  0    Dex: 11    Spells: 3/6 levels left

rFire   + . .      SeeInvis +    e - +6 Majin-Bo {spellvamp, MP+6 Int+6}
rCold   . . .      Faith    .    (no shield)
rNeg    . . .      Spirit   .    a - +0 robe
rPois   +          Reflect  .    i - +2 hat
rElec   .          Rampage  .    (no cloak)
rCorr   .                        (no gloves)
Will    .....                    (no barding)
Stlth   ++                       (no amulet)
HPRegen 0.25/turn                m - ring of protection from fire
MPRegen 0.13/turn                n - ring of wizardry

@: very slow
A: AC +1, large, see invisible, deformed body, poison resistance, slowness 2,
spit poison 1, naga tail 1
a: Spit Poison


You were on level 3 of the Dungeon.
You visited 1 branch of the dungeon, and saw 3 of its levels.

You collected 1006 gold pieces.
You spent 733 gold pieces at shops.

Inventory:

Hand Weapons
 e - the +6 Majin-Bo (weapon) {spellvamp, MP+6 Int+6}
   (You bought it in a shop on level 1 of the Dungeon)

   Int:       It affects your intelligence (+6).
   MP:        It affects your magic capacity (+6).
 k - a +0 long sword
Armour
 a - a +0 robe (worn)
 g - a +0 ring mail
 i - a +2 hat (worn)
Jewellery
 m - a ring of protection from fire (left hand)
 n - a ring of wizardry (right hand)
Scrolls
 c - a scroll of vulnerability
 j - 3 scrolls of identify {unknown}
 l - a scroll of summoning {unknown}
Potions
 b - 2 potions of magic
 d - a potion of invisibility {unknown}
 f - 2 potions of mutation {unknown}
 h - a potion of lignification {unknown}


   Skills:
 + Level 0.5 Fighting
 + Level 0.1 Staves
 + Level 0.0 Armour
 + Level 1.9 Dodging
 + Level 3.6 Stealth
 + Level 2.3 Spellcasting
 + Level 1.6 Transmutations
 + Level 4.3 Poison Magic


You had 3 spell levels left.
You knew the following spells:

 Your Spells              Type           Power      Damage    Failure   Level
a - Sting                 Tmut/Pois      64%        1d6       1%          1
b - Poisonous Vapours     Pois/Air       24%        N/A       3%          2

Your spell library contained the following spells:

 Spells                   Type           Power      Damage    Failure   Level
 Freeze                   Ice            8%         1d3       4%          1
 Mephitic Cloud           Conj/Pois/Air  9%         N/A       9%          3
 Dazzling Flash           Conj/Hex       4%         N/A       16%         3
 Frozen Ramparts          Ice            4%         1d1       16%         3
 Hailstorm                Conj/Ice       2%         3d3       16%         3
 Olgreb's Toxic Radiance  Pois           22%        N/A       9%          4
 Agony                    Necr           2%         N/A       77%         5
 Silence                  Hex/Air        1%         N/A       77%         5


Dungeon Overview and Level Annotations

Branches:
Dungeon (3/15)

Altars:
Elyvilon
Makhleb

Shops:
D:1 (((


Innate Abilities, Weirdness & Mutations

Your serpentine skin is tough. (AC +1)
You have supernaturally acute eyesight. (SInv)
Armour fits poorly on your strangely shaped body.
Your system is resistant to poisons. (rPois)
You cover ground very slowly.
You can spit poison.
You have a snake-like lower body.


Message History

The endoplasm is almost dead.
The endoplasm closely misses you.
You hit the endoplasm.
You feel better.
You kill the endoplasm!
Found a stone staircase leading down.
An orc priest comes into view. It is wielding a +0 mace.
The orc priest moves out of view.
An orc comes into view. It is wielding a +0 whip.
An orc comes into view. It is wielding a +0 club.
Memorise Poisonous Vapours, consuming 2 spell levels and leaving 3?
You start memorising the spell.
You continue memorising. x2
You finish memorising.
Spell assigned to 'b'.
The orc priest shouts!
The orc shouts! x2; You hear a shout!
The orc priest mumbles some strange prayers to Beogh against you.
Pain shoots through your body!
Casting: Sting (safe; 1% risk of failure)
Confirm with . or Enter, or press ? or * to list all spells.
Aiming: Sting (safe; 1% risk of failure)
Press: ? - help, Shift-Dir - straight line, f - orc priest
Aim: an orc priest, wielding a +0 mace and wearing a +0 leather armour (74% to hit)
The sting hits the orc priest but does no damage.
The orc priest is poisoned.
Casting: Sting (safe; 1% risk of failure)
Confirm with . or Enter, or press ? or * to list all spells.
Aiming: Poisonous Vapours (safe; 3% risk of failure)
Press: ? - help, Dir - move target, f/p - orc priest
Aim: an orc priest, wielding a +0 mace and wearing a +0 leather armour (poisoned) Poisonous vapours surround the orc priest!
The orc priest looks even sicker.
The orc priest hits you with a +0 mace.
You barely miss the orc priest. The orc priest hits you with a +0 mace.
An orc comes into view. It is wielding a +0 dagger.
You sock the orc priest!
The orc priest is severely wounded.
The orc priest calls down the wrath of Beogh upon you.
Beogh smites you!
* * * LOW HITPOINT WARNING * * *
The orc priest casts a cantrip, but nothing happens.
The orc priest attacks as you move away!
The orc priest hits you with a +0 mace.
You die...

....~......~~~~~~..._...~≈~.#
.......~~~...~~≈~~~...~~~~..#
.....~~~~~~......~~~~~~.....#
....~~~...~~~......~~~....~.#
........_...~~~~~.....o~~≈~.#
#..............o~~...~≈≈...#
#.........#.#..o.~~~~~...###
#.........#.#...o......
#.........#....@##..
#.........###...# #.........#
#...# #........)####..#
##...........###.#
...............#.#
.#...........#...#
.#.#.......#.#...###
.#.#.#...#.#.#.#...####.#.#


You could see an orc priest (very poisoned) and 3 orcs.

Vanquished Creatures
  2 adders
  4 bats
  2 endoplasms
  2 giant cockroaches
  3 goblins
  A hobgoblin (D:1)
  4 kobolds
  3 ball pythons
  5 frilled lizards
  2 rats (D:2)
28 creatures vanquished.

Notes
Turn   | Place    | Note
-------+----------+-------------------------------------------
     0 | D:1      | Pimp the Naga Venom Mage began the quest for the Orb.
     0 | D:1      | Reached XP level 1. HP: 15/15 MP: 3/3
   139 | D:1      | Found Zishruixt's Weapon Emporium.
   149 | D:1      | Reached XP level 2. HP: 12/22 MP: 1/5
   241 | D:1      | Found Nyuxzoig's Antique Weapon Emporium.
   489 | D:1      | Found Kyuhov's Weapon Shop.
   884 | D:2      | Reached XP level 3. HP: 28/28 MP: 2/6
  1482 | D:3      | Identified a scroll of acquirement
  1482 | D:3      | Acquired 809 gold pieces
  1585 | D:1      | Bought the +6 Majin-Bo {spellvamp, MP+6 Int+6} for 733 gold
                  | pieces
  1585 | D:1      | Found the +6 Majin-Bo {spellvamp, MP+6 Int+6}
  1690 | D:3      | Found a burning altar of Makhleb.
  1723 | D:3      | Found a white marble altar of Elyvilon.
  1832 | D:3      | Learned a level 2 spell: Poisonous Vapours
  1837 | D:3      | Slain by an orc priest

Illustrated notes

Levels and vault maps discovered:
D:1:      spicycebolla_green_bress_n_ham_2, layout_basic, serial_shops,
          shop_coins, shop, nicolae_shop_hallway_plus
D:2:      layout_basic
D:3:      layout_basic, mainiacjoe_overflow_catch_the_wave,
          minmay_misc_feat_more_columns, grunt_decor_mini_mirrors,
          interstate_on_off

Action                     || total
---------------------------++-------
  Melee: Unarmed           ||    30
         Staff             ||     9
         Long sword        ||     2
   Cast: Sting             ||    37
         Poisonous Vapours ||     1
    Use: Scroll            ||     6
   Stab: Sleeping          ||     4
 Armour: Robe              ||    19
  Dodge: Dodged            ||    44

Table legend: (Time is in decaauts)
 A = Elapsed time spent in this place.
 B = Non-inter-level travel time spent in this place.
 C = Inter-level travel time spent in this place.
 D = Time resting spent in this place.
 E = Time spent auto-exploring this place.
 F = Levels seen in this place.
 G = Mean time per level.
                   A        B        C        D        E       F      G
               +--------+--------+--------+--------+--------+-----+--------+
         Total |   2358 |   2122 |    236 |    111 |   1538 |   3 |  786.0 |
       Dungeon |   2358 |   2122 |    236 |    111 |   1538 |   3 |  786.0 |
               +--------+--------+--------+--------+--------+-----+--------+

Top non-repeatable levels by time:
     D:1: 1134 daAuts
     D:2: 953 daAuts
     D:3: 271 daAuts
